 Dungeon Crawl Stone Soup version 0.28-a0-1167-g616b1c6417 (webtiles) character file.

Game seed: 4504627766032220331

6 LadyOphelia the Skirmisher (level 1, -1/28 HPs)
             Began as a Draconian Berserker on Dec 16, 2021.
             Was a Follower of Trog.
             Slain by a kobold (2 damage)
             ... on level 1 of the Dungeon.
             The game lasted 00:00:26 (101 turns).

LadyOphelia the Skirmisher (Draconian Berserker)     Turns: 101, Time: 00:00:27

Health: -1/28      AC:  4    Str: 19    XL:     1   Next: 75%
Magic:  1/1        EV: 12    Int:  7    God:    Trog [*.....]
Gold:   0          SH:  0    Dex: 10    Spells: 0/0 levels left

rFire   . . .      SeeInvis .   a - +0 hand axe
rCold   . . .      Faith    .   (no shield)
rNeg    . . .      Spirit   .   (armour unavailable)
rPois   .          Reflect  .   (helmet restricted)
rElec   .          Harm     .   (no cloak)
rCorr   .          Rampage  .   (no gloves)
Will    .....                   (no boots)
Stlth   ..........              (no amulet)
HPRegen 0.09/turn               (no ring)
MPRegen 0.07/turn               (no ring)

@: berserking, very quick
A: AC +4, unfitting armour, cold-blooded
a: Renounce Religion, Berserk


You were on level 1 of the Dungeon.
You worshipped Trog.
Trog was aware of your devotion.
You visited 1 branch of the dungeon, and saw 1 of its levels.

Inventory:

Hand Weapons
 a - a +0 hand axe (weapon)
Scrolls
 b - a scroll of enchant weapon {unknown}
Potions
 c - a potion of might {unknown}


   Skills:
 + Level 3.4 Fighting
 + Level 3.1 Axes
 + Level 2.8 Dodging


You couldn't memorise any spells.
You didn't know any spells.
Your spell library was empty.

Dungeon Overview and Level Annotations

Branches:
Dungeon (1/15)

Altars:


Innate Abilities, Weirdness & Mutations

Your plain brown scales are hard. (AC +4)
You cannot fit into any form of body armour.
You are cold-blooded and may be slowed by cold attacks.


Message History

The dart slug launches a dart at you. The slug dart misses you.
You hit the dart slug.
The dart slug is lightly wounded.
The dart slug launches a dart at you. The slug dart hits you.
You slash the dart slug!
You kill the dart slug!
Trog accepts your kill.
A bat comes into view.
You see here a dart slug corpse.
The bat misses you.
A bat is nearby!
The bat misses you. The bat completely misses you. The bat barely misses you.
You hit the bat.
You kill the bat!
Trog accepts your kill.
An endoplasm comes into view.
An endoplasm is nearby!
Found a stone staircase leading down.
The endoplasm quivers.
A kobold comes into view. It is wielding a +0 short sword.
Found 15 gold pieces.
The endoplasm freezes you.
You are frozen.
You feel yourself slow down.
You slash the endoplasm!
You kill the endoplasm!
Trog accepts your kill.
You barely miss the kobold.
The kobold hits you with a +0 short sword. x2
The kobold hits you with a +0 short sword.
* * * LOW HITPOINT WARNING * * *
You feel yourself speed up.
The kobold hits you with a +0 short sword.
* * * LOW HITPOINT WARNING * * *
A red film seems to cover your vision as you go berserk!
You feel yourself moving faster!
You feel mighty!
The kobold hits you with a +0 short sword.
You die...

#.# #.# #.#
#.# # #.#
#.
##.######
#.#.......#
#$..K####.#
##..@..#
#...#.#
##..#.#
..>. #
#####


You could see a kobold.

Vanquished Creatures
  A dart slug (D:1)
  2 bats (D:1)
  An endoplasm (D:1)
4 creatures vanquished.

Notes
Turn   | Place    | Note
-------+----------+-------------------------------------------
     0 | D:1      | LadyOphelia the Draconian Berserker began the quest for the
                  | Orb.
     0 | D:1      | Reached XP level 1. HP: 19/19 MP: 1/1
   101 | D:1      | Slain by a kobold

Illustrated notes

Levels and vault maps discovered:
D:1:      lemuel_arrival_rhombus, layout_basic

Action                   || total
-------------------------++-------
Melee: Hand axe          ||     6
Invok: Berserk           ||     1
Armor: Skin              ||     1
Dodge: Dodged            ||     7

Table legend: (Time is in decaauts)
 A = Elapsed time spent in this place.
 B = Non-inter-level travel time spent in this place.
 C = Inter-level travel time spent in this place.
 D = Time resting spent in this place.
 E = Time spent auto-exploring this place.
 F = Levels seen in this place.
 G = Mean time per level.
                   A        B        C        D        E       F      G
               +--------+--------+--------+--------+--------+-----+--------+
         Total |    103 |    103 |      0 |      0 |     70 |   1 |  103.0 |
       Dungeon |    103 |    103 |      0 |      0 |     70 |   1 |  103.0 |
               +--------+--------+--------+--------+--------+-----+--------+

Top non-repeatable levels by time:
     D:1: 103 daAuts
